 Dungeon Crawl Stone Soup version 0.29.0-13-gc9e81de378 (webtiles) character file.

Game seed: 2353536110975733977

28 Powertoast the Chiller (level 3, 0/24 HPs)
             Began as a Human Ice Elementalist on Sept 11, 2022.
             Slain by a ball python (2 damage)
             ... on level 2 of the Dungeon.
             The game lasted 00:02:07 (975 turns).

Powertoast the Chiller (Human Ice Elementalist)      Turns: 975, Time: 00:02:08

Health: 0/24       AC:  2    Str:  8    XL:     3   Next: 27%
Magic:  1/6        EV: 12    Int: 17    God:
Gold:   46         SH:  0    Dex: 13    Spells: 5/6 levels left

rFire   . . .      SeeInvis .   (no weapon)
rCold   . . .      Faith    .   (no shield)
rNeg    . . .      Spirit   .   a - +0 robe
rPois   .          Reflect  .   (no helmet)
rElec   .          Harm     .   (no cloak)
rCorr   .          Rampage  .   (no gloves)
Will    .....                   (no boots)
Stlth   ++........              (no amulet)
HPRegen 0.08/turn               (no ring)
MPRegen 0.10/turn               (no ring)

@: no status effects
A: no striking features
a: no special abilities


You were on level 2 of the Dungeon.
You visited 1 branch of the dungeon, and saw 2 of its levels.

You collected 46 gold pieces.

Inventory:

Armour
 a - a +0 robe (worn)
Scrolls
 c - a scroll of teleportation
 d - a scroll of noise
 f - a scroll of vulnerability {unknown}
 h - 4 scrolls of identify {unknown}
Potions
 b - a potion of magic
 e - 2 potions of ambrosia {unknown}
 g - 3 potions of curing {unknown}


   Skills:
 - Level 2.0 Dodging
 - Level 2.0 Stealth
 - Level 2.0 Spellcasting
 + Level 5.0 Ice Magic


You had 5 spell levels left.
You knew the following spells:

 Your Spells              Type           Power      Damage    Failure   Level
a - Freeze                Ice            72%        1d9       2%          1

Your spell library contained the following spells:

 Spells                   Type           Power      Damage    Failure   Level
 Frozen Ramparts          Ice            36%        1d6       8%          3
 Ozocubu's Armour         Ice            18%        N/A       8%          3
 Hailstorm                Conj/Ice       10%        3d5       56%         4


Dungeon Overview and Level Annotations

Branches:
Dungeon (2/15)

Altars:


Message History

The ball python closely misses you.
A ball python is nearby!
You freeze the ball python.
You kill the ball python!
Your Ice Magic skill increases to level 5!
A worm comes into view.
You see here a potion of magic.
You can't see any susceptible monsters within range! (Use Z to cast anyway.)
A ball python comes into view.
Found 4 boomerangs.
The worm barely misses you.
You freeze the worm.
The worm is lightly wounded.
The ball python hisses angrily.
The worm barely misses you.
You freeze the worm.
The worm is moderately wounded.
You freeze the worm.
The worm is heavily wounded.
The worm bites you!
You freeze the worm!
The worm is almost dead.
The ball python bites you. The ball python grabs you.
The ball python constricts you.
The ball python's grasp on you weakens, but your attempt to escape fails.
The ball python misses you. The ball python constricts you. The worm bites you!
* * * LOW HITPOINT WARNING * * *
Unknown command.
You escape the ball python's grasp.
The ball python barely misses you. The ball python closely misses you.
You see here a potion of magic.
You are too injured to fight recklessly!
Casting: Freeze (safe; 2% risk of failure)
Confirm with . or Enter, or press ? or * to list all spells.
Aiming: Freeze (safe; 2% risk of failure)
Press: ? - help, Shift-Dir - straight line, f/p - worm
Aim: a worm (severely wounded)
You freeze the worm!
You kill the worm!
The ball python bites you.
You die...

.# .# ..# ## #.# # #.#
##..##### #.
#.###.#.....(
###.########.#.........
..............@...#
##............S..#
##......#####.##.##
#.......# #..# .#
.#......# #.... ..
#.......# ##..##.##
........####..# .#
###...........# .#
#####.#####.#


You could see a ball python.

Vanquished Creatures
  A worm (D:2)
  3 bats
  2 endoplasms (D:2)
  4 goblins
  3 hobgoblins
  2 jackals (D:2)
  A quokka (D:1)
  4 ball pythons
  A frilled lizard (D:1)
  2 kobolds (D:1)
  A rat (D:2)
24 creatures vanquished.

Notes
Turn   | Place    | Note
-------+----------+-------------------------------------------
     0 | D:1      | Powertoast the Human Ice Elementalist began the quest for
                  | the Orb.
     0 | D:1      | Reached XP level 1. HP: 13/13 MP: 3/3
   199 | D:1      | Reached XP level 2. HP: 19/19 MP: 1/5
   382 | D:1      | Found a faded altar of an unknown god.
   844 | D:2      | Reached XP level 3. HP: 24/24 MP: 4/6
   928 | D:2      | Reached skill level 5 in Ice Magic
   975 | D:2      | Slain by a ball python

Illustrated notes

Levels and vault maps discovered:
D:1:      dpeg_arrival_arbitrary_c, layout_basic,
          chequers_ecumenical_altar_simple_redux
D:2:      layout_loops_ring

Skill      XL: |  1  2  3 |
---------------+----------+-----
Ice Magic      | 5 |  5.0
Dodging        | |  2.0
Stealth        | |  2.0
Spellcasting   | |  2.0

Action                   || total
-------------------------++-------
Melee: Unarmed           ||     1
 Cast: Freeze            ||    37
  Use: Scroll            ||     2
Armor: Robe              ||     1
Dodge: Dodged            ||    20
